[Event "ICCopen2017"]
[Site "Internet Chess Club"]
[Date "2017.04.02"]
[Round "5"]
[White "aplusk"]
[Black "BlueGreen"]
[Result "1-0"]
[ICCResult "Black checkmated"]
[WhiteElo "2698"]
[BlackElo "2711"]
[Opening "Nimzovich-Larsen attack"]
[ECO "A01"]
[NIC "VO.08"]
[Time "19:53:01"]
[TimeControl "180+0"]

1. b3 d6 2. Bb2 c5 3. c4 Nc6 4. g3 Nf6 5. Bg2 g6 6. Bxf6 exf6 7. Nc3 Bg7 8.
e3 O-O 9. Nge2 f5 10. Rc1 Bd7 11. O-O a6 12. h4 Rb8 13. a4 Nb4 14. Nd5 Nxd5
15. Bxd5 b5 16. axb5 axb5 17. Nf4 Qa5 18. h5 Kh8 19. hxg6 hxg6 20. Kg2 Be5
21. Nd3 Bf6 22. Rh1+ Kg7 23. Nf4 Rh8 24. Rxh8 Rxh8 25. Bf3 Bb2 26. Rb1 Be5
27. Nd5 Qa7 28. Qc2 Rb8 29. Nf4 Qa6 30. Bd5 Qa3 31. Ne2 Rb6 32. Qc1 Ra6 33.
d4 Bf6 34. Qd2 Qa5 35. Qc2 Qb6 36. dxc5 Qxc5 37. Qd2 bxc4 38. bxc4 Bc6 39.
Bxc6 Rxc6 40. Rc1 Qe5 41. Nf4 Qe4+ 42. Kg1 Be5 43. Ne2 Rxc4 44. Rxc4 Qxc4
45. Kg2 Qc6+ 46. Kg1 Bf6 47. Kf1 Be5 48. Kg1 Qf3 49. Nd4 Qd5 50. Nxf5+ gxf5
51. Qxd5 Kg6 52. Kg2 Kg7 53. f4 Bf6 54. Qxd6 Bc3 55. Qd5 Kg6 56. Kf3 Bf6 57.
e4 fxe4+ 58. Qxe4+ Kg7 59. g4 Bd8 60. g5 Bb6 61. Qf5 Bd4 62. Kg4 Bc3 63. Qb5
Bd4 64. f5 Bc3 65. f6+ Kh7 66. Qf5+ Kg8 67. Qc8+ Kh7 68. Qxc3 Kg6 69. Qd3#
{Black checkmated}
1-0

[Event "ICCopen2017"]
[Site "Internet Chess Club"]
[Date "2017.04.02"]
[Round "5"]
[White "Ninjakiwi17"]
[Black "DoctorWho"]
[Result "1-0"]
[ICCResult "Black resigns"]
[WhiteElo "2333"]
[BlackElo "1950"]
[Opening "French: Schlechter variation"]
[ECO "C01"]
[NIC "FR.01"]
[Time "19:52:53"]
[TimeControl "180+0"]

1. e4 e6 2. d4 d5 3. Bd3 dxe4 4. Bxe4 Nf6 5. Bf3 c5 6. Ne2 Nc6 7. Be3 e5 8.
Bxc6+ bxc6 9. dxe5 Qxd1+ 10. Kxd1 Ng4 11. Kc1 Nxe3 12. fxe3 Be7 13. Nbc3 O-O
14. b3 Re8 15. Nf4 Bf8 16. Nd3 Bf5 17. e4 Be6 18. Na4 c4 19. Ndc5 Bc8 20.
Rd1 Rxe5 21. Rd8 Bb7 22. Nxb7 Rxd8 23. Nxd8 Ba3+ 24. Kd2 Rxe4 25. Nxc6 Re6
26. Nd4 Rd6 27. Kc3 cxb3 28. axb3 Bb4+ 29. Kxb4 Rxd4+ 30. Kc3 Rg4 31. Rd1 h5
32. Rd7 Rxg2 33. Rxa7 Rxh2 34. b4 h4 35. b5 Rh3+ 36. Kb4 Rh1 37. Nb2 Rb1 38.
Kb3 h3 39. Ra4 g5 40. b6 h2 41. b7 h1=Q 42. b8=Q+ Kh7 43. Rc4 Qf3+ 44. Ka2
Qh1 45. Qc7 Ra1+ 46. Kb3 Qf3+ 47. Rc3 Qd5+ 48. Rc4 Qb7+ 49. Qxb7 {Black
resigns} 1-0

[Event "ICCopen2017"]
[Site "Internet Chess Club"]
[Date "2017.04.02"]
[Round "5"]
[White "Spirals"]
[Black "RobertoJBM"]
[Result "0-1"]
[ICCResult "White resigns"]
[WhiteElo "2180"]
[BlackElo "2631"]
[Opening "Caro-Kann: two knights variation"]
[ECO "B11"]
[NIC "CK.01"]
[Time "19:53:44"]
[TimeControl "180+0"]

1. e4 c6 2. Nc3 d5 3. Nf3 dxe4 4. Nxe4 Bg4 5. Be2 Nd7 6. h3 Bxf3 7. Bxf3
Ngf6 8. Nxf6+ Nxf6 9. O-O e6 10. d4 Bd6 11. Re1 O-O 12. c3 Qc7 13. Bg5 Nd5
14. Be4 Bh2+ 15. Kh1 Bf4 16. Bxf4 Qxf4 17. Qf3 Qxf3 18. Bxf3 Rfd8 19. g3 g6
20. Re5 Kg7 21. Rae1 Nf6 22. g4 Nd7 23. R5e2 Re8 24. Bg2 Rad8 25. f4 Kf6 26.
g5+ Ke7 27. d5 cxd5 28. Bxd5 Nc5 29. Bg2 Nd3 30. Rf1 Rd7 31. h4 Red8 32. Kh2
b6 33. b3 Nc5 34. c4 Rd3 35. f5 R8d4 36. fxg6 Rxh4+ 37. Kg1 hxg6 38. Ref2
Rh7 39. b4 Nd7 40. Rc2 Rg3 41. c5 bxc5 42. bxc5 Rxg5 43. c6 Nb6 44. c7 Rh8
45. Rb1 Rc8 46. Kf1 Kd7 47. Rd1+ Nd5 48. Bxd5 Rxd5 49. Rdc1 g5 50. Kf2 f5
51. Ke3 Kd6 52. Rh1 Rc5 53. Rd2+ Ke5 54. Rh6 R8xc7 {White resigns} 0-1

[Event "ICCopen2017"]
[Site "Internet Chess Club"]
[Date "2017.04.02"]
[Round "5"]
[White "Kruger"]
[Black "UnderArmour"]
[Result "0-1"]
[ICCResult "White forfeits on time"]
[WhiteElo "1703"]
[BlackElo "1931"]
[Opening "Bogo-Indian defense, Nimzovich variation"]
[ECO "E11"]
[NIC "QI.01"]
[Time "19:52:42"]
[TimeControl "180+0"]

1. d4 e6 2. c4 Nf6 3. Nf3 Bb4+ 4. Bd2 Qe7 5. g3 Nc6 6. Bg2 Bxd2+ 7. Qxd2 Ne4
8. Qd3 Qb4+ 9. Nbd2 f5 10. b3 O-O 11. Rd1 Nc3 12. Ra1 Ne4 13. O-O d5 14.
cxd5 exd5 15. Rfd1 b6 16. Rac1 Ba6 17. Qc2 Ne7 18. Nxe4 fxe4 19. Ne5 Rac8
20. f3 c5 21. Qd2 Qxd2 22. Rxd2 cxd4 23. Rxc8 Rxc8 24. Rxd4 e3 25. Bf1 Rc2
26. Nd3 Rxa2 27. Nb4 Ra5 28. Nxa6 Rxa6 29. Rd3 Ra5 30. Rxe3 Kf7 31. Rd3 Rb5
32. e4 a5 33. exd5 Rxd5 34. Re3 Rd6 35. Bc4+ Kf6 36. Re4 Nf5 37. Kg2 g5 38.
g4 Rd2+ 39. Kf1 Nh4 40. Ke1 Nxf3+ 41. Kf1 Rxh2 42. Re6+ Kg7 43. Re3 Nd2+ 44.
Kg1 Rh3 45. Rxh3 Nf3+ 46. Kg2 h5 47. Rxf3 hxg4 {White forfeits on time} 0-1

[Event "ICCopen2017"]
[Site "Internet Chess Club"]
[Date "2017.04.02"]
[Round "5"]
[White "Eliezer"]
[Black "MassCarnage"]
[Result "0-1"]
[ICCResult "White forfeits on time"]
[WhiteElo "1562"]
[BlackElo "1972"]
[Opening "St. George (Baker) defense"]
[ECO "B00"]
[NIC "VO.17"]
[Time "19:53:16"]
[TimeControl "180+0"]

1. e4 a6 2. Nf3 b5 3. d4 Bb7 4. Bd3 e6 5. Qe2 Nf6 6. O-O d6 7. h3 Nbd7 8. c3
h6 9. Re1 g5 10. e5 Nd5 11. exd6 cxd6 12. Nh2 Rg8 13. Be4 N7f6 14. Bf3 h5
15. Bxh5 Nxh5 16. Qxh5 Rg6 17. Be3 Nf4 18. Bxf4 gxf4 19. d5 Qg5 20. Qxg5
Rxg5 21. dxe6 Rxg2+ 22. Kf1 Rxh2 23. exf7+ Kxf7 24. Nd2 f3 25. Kg1 Rg2+ 26.
Kh1 Bh6 27. Ne4 Bf4 28. Ng3 Rh8 29. Re7+ Kxe7 30. Re1+ Kd7 31. Re7+ Kxe7 32.
Nf5+ Kd7 33. Nh4 Rxh4 {White forfeits on time} 0-1

[Event "ICCopen2017"]
[Site "Internet Chess Club"]
[Date "2017.04.02"]
[Round "5"]
[White "ophiuchus13"]
[Black "MisticKnights13"]
[Result "0-1"]
[ICCResult "White forfeits on time"]
[WhiteElo "1201"]
[BlackElo "1542"]
[Opening "Richter-Veresov attack"]
[ECO "D01"]
[NIC "QP.08"]
[Time "19:52:50"]
[TimeControl "180+0"]

1. d4 d5 2. Nc3 Nf6 3. Bg5 e6 4. e3 Be7 5. Bd3 O-O 6. Bxf6 Bxf6 7. Nge2 c5
8. dxc5 Qa5 9. Bxh7+ Kxh7 10. O-O Qxc5 11. Qd3+ Kg8 12. Nf4 Nc6 13. Na4 Qd6
14. c3 b6 15. b4 a5 16. b5 Ne5 17. Qc2 Nc4 18. Qe2 Bd7 19. Nb2 Bxb5 20. Nxc4
Bxc4 21. Nd3 Qa3 22. Rad1 Bxc3 23. Qh5 Bf6 24. Rfe1 Bxd3 25. h4 Bg6 26. Qg4
Rfc8 27. h5 Rc4 28. Qg3 Bf5 29. h6 g6 30. Qf3 Rac8 31. g4 Rxg4+ 32. Kh2 Be5+
33. Kh3 Rf4+ 34. Kg2 Rxf3 35. Kxf3 Be4+ 36. Ke2 Qxa2+ 37. Rd2 Qc4+ 38. Kd1
Bf3+ 39. Ree2 Bxe2+ 40. Ke1 Qc1+ 41. Kxe2 Qc4+ 42. Kf3 Qe4+
{White forfeits on time}
0-1

[Event "ICCopen2017"]
[Site "Internet Chess Club"]
[Date "2017.04.02"]
[Round "5"]
[White "supermouse"]
[Black "Nos"]
[Result "1-0"]
[ICCResult "Black forfeits on time"]
[WhiteElo "2612"]
[BlackElo "2182"]
[Opening "Réti: King's Indian attack"]
[ECO "A05"]
[NIC "QP.11"]
[Time "19:53:01"]
[TimeControl "180+0"]

1. Nf3 Nf6 2. g3 g6 3. Bg2 Bg7 4. O-O O-O 5. d4 d6 6. Nc3 Nbd7 7. e4 c6 8.
Re1 e5 9. h3 Qc7 10. Be3 b5 11. a3 a5 12. dxe5 dxe5 13. Qc1 Ba6 14. Bh6 b4
15. Nb1 Nc5 16. Bxg7 Kxg7 17. Nbd2 Rfd8 18. Re3 Ne6 19. Bf1 Bxf1 20. Qxf1
Nd4 21. Rc1 c5 22. Ne1 Qd7 23. Nc4 Qe6 24. axb4 axb4 25. b3 Ra2 26. Kh2 h5
27. Nd3 Nd7 28. Qd1 h4 29. Kg2 Qf6 30. g4 Ne6 31. Qf3 Qg5 32. Ree1 Nd4 33.
Qd1 Rda8 34. f4 exf4 35. Nxb4 f3+ 36. Kf1 R2a7 37. Nd5 Ne5 38. Qd2 Qxd2 39.
Nxd2 Ra2 40. Ne3 {Black forfeits on time} 1-0

[Event "ICCopen2017"]
[Site "Internet Chess Club"]
[Date "2017.04.02"]
[Round "5"]
[White "TeddyBear"]
[Black "ComplexZeta"]
[Result "1-0"]
[ICCResult "Black checkmated"]
[WhiteElo "1674"]
[BlackElo "1840"]
[Opening "Dutch defense, Rubinstein variation"]
[ECO "A40"]
[NIC "QO.17"]
[Time "19:54:00"]
[TimeControl "180+0"]

1. d4 e6 2. c4 f5 3. Nc3 Nf6 4. Bf4 b6 5. e3 Bb7 6. Nf3 Bb4 7. Qb3 Bxc3+ 8.
bxc3 O-O 9. c5 Nc6 10. cxb6 axb6 11. Bd3 Nd5 12. Bg5 Qe8 13. c4 Na5 14. Qb2
Nf6 15. O-O Qh5 16. Bf4 d6 17. Be2 Qe8 18. Rac1 h6 19. c5 bxc5 20. dxc5 e5
21. Bg3 Ne4 22. cxd6 cxd6 23. Rc7 Bd5 24. Rfc1 Nxg3 25. hxg3 f4 26. gxf4
exf4 27. Qxg7# {Black checkmated} 1-0

[Event "ICCopen2017"]
[Site "Internet Chess Club"]
[Date "2017.04.02"]
[Round "5"]
[White "Ajolote"]
[Black "Strider25"]
[Result "1-0"]
[ICCResult "Black forfeits on time"]
[WhiteElo "1524"]
[BlackElo "1796"]
[Opening "Robatsch (modern) defense"]
[ECO "B24"]
[NIC "KF.06"]
[Time "19:52:42"]
[TimeControl "180+0"]

1. e4 g6 2. Nc3 Bg7 3. d3 c5 4. g3 Nc6 5. Bg2 e6 6. Nge2 d6 7. O-O h5 8. f4
Nd4 9. Be3 Ne7 10. f5 gxf5 11. exf5 Nexf5 12. Bf2 Qb6 13. Nxd4 Nxd4 14. Be3
Bd7 15. Ne4 f5 16. Ng5 O-O-O 17. c3 Nc6 18. Nf7 Qc7 19. Nxh8 Rxh8 20. Bg5 d5
21. Qc2 Qd6 22. Rfe1 Kb8 23. Bf4 e5 24. Bg5 d4 25. Qb3 dxc3 26. bxc3 Be6 27.
Qc2 Re8 28. Qb2 Bd5 29. Rab1 b6 30. Bxd5 Qxd5 31. Rbd1 Kc7 32. Qf2 Rf8 33.
d4 cxd4 34. cxd4 e4 35. Bf4+ Kb7 36. Rc1 Nxd4 37. Kh1 Rf7 38. Be3 Nf3 39.
Red1 Qe6 40. Qc2 h4 41. gxh4 Be5 42. h3 Nxh4 43. Rg1 Nf3 44. Rg6 Qd7 45. Rg2
f4 46. h4 fxe3 47. h5 {Black forfeits on time} 1-0

[Event "ICCopen2017"]
[Site "Internet Chess Club"]
[Date "2017.04.02"]
[Round "5"]
[White "sonofmarabu"]
[Black "Ataraxia"]
[Result "0-1"]
[ICCResult "White forfeits on time"]
[WhiteElo "1684"]
[BlackElo "1908"]
[Opening "Sicilian"]
[ECO "B50"]
[NIC "SI.01"]
[Time "19:52:47"]
[TimeControl "180+0"]

1. e4 c5 2. Nf3 d6 3. d3 Nf6 4. g3 g6 5. Bg2 Bg7 6. O-O O-O 7. Nc3 Nc6 8.
Be3 a6 9. a4 Rb8 10. Qd2 Bd7 11. Bh6 b5 12. Bxg7 Kxg7 13. axb5 axb5 14. Nd5
Nxd5 15. exd5 Nd4 16. Nxd4 cxd4 17. Qf4 Qb6 18. Rfe1 e5 19. dxe6 Bxe6 20.
Re4 Qc5 21. Rxd4 Qxc2 22. Rxd6 Qxb2 23. Re1 b4 24. d4 Qc3 25. Qe5+ Kg8 26.
h4 b3 27. h5 b2 28. h6 Qxe1+ 29. Qxe1 b1=Q 30. Qxb1 Rxb1+ 31. Kh2 Rd1 32. d5
Rd2 33. f4 Re8 34. g4 Bxg4 35. Kg3 f5 36. Rd7 Re3+ 37. Kh4 Rxg2 38. Kg5 Re8
39. Kf6 Rb2 40. Rg7+ Kh8 41. Rd7 Rh2 42. Rf7 Rxh6 43. d6 g5+ 44. Kxg5 Rxd6
45. Rf6 Rxf6 46. Kxf6 Rg8 47. Ke7 h5 48. Kd6 h4 49. Ke5 h3 50. Kd4 h2 51.
Kd5 h1=Q+ 52. Ke6 Qe4+ {White forfeits on time} 0-1

[Event "ICCopen2017"]
[Site "Internet Chess Club"]
[Date "2017.04.02"]
[Round "5"]
[White "notetengomiedo"]
[Black "lsokol"]
[Result "0-1"]
[ICCResult "White checkmated"]
[WhiteElo "1898"]
[BlackElo "2344"]
[Opening "Sicilian defense"]
[ECO "B20"]
[NIC "SI.48"]
[Time "19:52:58"]
[TimeControl "180+0"]

1. e4 c5 2. b3 d5 3. exd5 Qxd5 4. Nc3 Qe6+ 5. Be2 Nc6 6. Nf3 g6 7. Bb2 Bg7
8. Nb5 Bxb2 9. Nc7+ Kf8 10. Nxe6+ Bxe6 11. Rb1 Bf6 12. O-O Rd8 13. Bc4 Bf5
14. h3 a6 15. a4 h5 16. Re1 e6 17. d3 Nge7 18. Nd2 Bc3 19. Ne4 Bxe1 20. Qxe1
Bxe4 21. dxe4 Kg7 22. Rd1 Rd4 23. Rxd4 cxd4 24. e5 Rd8 25. Qe4 Nd5 26. g3
Rd7 27. Kg2 Rd8 28. Bxd5 Rxd5 29. f4 Rc5 30. g4 hxg4 31. hxg4 Rc3 32. Kf2
Re3 33. Qh1 g5 34. fxg5 Nxe5 35. Qxb7 Nxg4+ 36. Kg2 Rc3 37. Qxa6 Ne3+ 38.
Kf2 Nxc2 39. Qd6 Rxb3 40. a5 Ra3 41. a6 Kg6 42. Qb6 Ra2 43. a7 d3 44. Qb7 d2
45. Ke2 Nd4+ 46. Kd1 Nf5 47. Qb6 Kxg5 48. Ke2 Kf4 49. Qd4+ Nxd4+ 50. Kd3
Rxa7 51. Kxd2 Ke4 52. Kc3 Rc7+ 53. Kb4 Kd3 54. Ka5 Kc4 55. Kb6 Rc6+ 56. Kb7
Kc5 57. Kb8 Kb6 58. Ka8 Rc8# {White checkmated} 0-1

[Event "ICCopen2017"]
[Site "Internet Chess Club"]
[Date "2017.04.02"]
[Round "5"]
[White "xvs"]
[Black "EddieBarber"]
[Result "0-1"]
[ICCResult "White checkmated"]
[WhiteElo "1867"]
[BlackElo "1713"]
[Opening "Sicilian: Canal-Sokolsky attack, 3...Bd7"]
[ECO "B52"]
[NIC "SI.01"]
[Time "19:53:58"]
[TimeControl "180+0"]

1. e4 c5 2. Nf3 d6 3. Bb5+ Bd7 4. Bxd7+ Qxd7 5. O-O Nf6 6. d3 g6 7. Nc3 Bg7
8. Re1 O-O 9. h3 Nc6 10. Rb1 Nd4 11. Nxd4 cxd4 12. Ne2 e5 13. c3 d5 14. cxd4
exd4 15. e5 Ne8 16. Nxd4 Nc7 17. a3 Rfe8 18. Nf3 d4 19. Bf4 Nd5 20. Bg3 Ne7
21. Qb3 Nc6 22. Re4 Rad8 23. Rbe1 Qd5 24. Qxb7 Rb8 25. Qd7 Qxd7 26. e6 fxe6
27. Ng5 e5 28. f4 exf4 29. Bxf4 Rxe4 30. Rxe4 Re8 31. Bg3 Rxe4 32. Nxe4 Qd5
33. Bh4 Ne5 34. Bf6 Nxd3 35. Bxg7 Qxe4 36. Bf6 Qe3+ 37. Kh2 Qf4+ 38. Kg1
Qxf6 39. b4 Qf2+ 40. Kh2 Nf4 41. Kh1 Qxg2# {White checkmated} 0-1

[Event "ICCopen2017"]
[Site "Internet Chess Club"]
[Date "2017.04.02"]
[Round "5"]
[White "SIRPALADIN"]
[Black "Mysterious17"]
[Result "1-0"]
[ICCResult "Black resigns"]
[WhiteElo "1867"]
[BlackElo "1666"]
[Opening "Polish defense"]
[ECO "A40"]
[NIC "QO.17"]
[Time "19:53:42"]
[TimeControl "180+0"]

1. d4 b5 2. e4 a6 3. c4 bxc4 4. Bxc4 e6 5. Qe2 Bb7 6. Nc3 Nf6 7. Nf3 Nxe4 8.
Nxe4 Bxe4 9. Bxe6 dxe6 10. Qxe4 Qd5 11. Qe3 Qb5 12. Qe2 Nc6 13. Be3 Bd6 14.
Qxb5 axb5 15. Ke2 O-O 16. Rhc1 Ne7 17. a3 Nd5 18. Ne5 Ra4 19. Nd3 Rfa8 20.
Nc5 Bxc5 21. Rxc5 b4 22. Bc1 bxa3 23. Rxa3 Rxa3 24. bxa3 Ra4 25. Kd3 Nf4+
26. Bxf4 {Black resigns} 1-0

[Event "ICCopen2017"]
[Site "Internet Chess Club"]
[Date "2017.04.02"]
[Round "5"]
[White "MyLien"]
[Black "Seraphim"]
[Result "0-1"]
[ICCResult "White checkmated"]
[WhiteElo "1559"]
[BlackElo "1842"]
[Opening "Sicilian"]
[ECO "B55"]
[NIC "SI.01"]
[Time "19:53:33"]
[TimeControl "180+0"]

1. e4 c5 2. Nf3 d6 3. d4 cxd4 4. Nxd4 Nf6 5. Bd3 Nc6 6. Nxc6 bxc6 7. c4 e5
8. Nc3 Be7 9. Qe2 O-O 10. Rb1 a5 11. Bd2 Nd7 12. a3 Nc5 13. Bc2 a4 14. Be3
Nb3 15. O-O f5 16. Nxa4 Rxa4 17. Bxb3 Ra8 18. exf5 Bxf5 19. Bc2 Be6 20. Rbd1
Qb8 21. Bd3 d5 22. Qc2 e4 23. Be2 Bf6 24. cxd5 cxd5 25. Bd4 Bxd4 26. Rxd4
Qb6 27. Rb4 Qa7 28. a4 Rac8 29. Qd2 Rc5 30. Bb5 h6 31. Qd4 Qc7 32. Rd1 Rc2
33. h3 Rfxf2 34. Qxf2 Rxf2 35. Kxf2 Qc2+ 36. Be2 Qc5+ 37. Rbd4 Qb6 38. b4 g5
39. Ke3 Qc7 40. a5 Qf4# {White checkmated} 0-1

[Event "ICCopen2017"]
[Site "Internet Chess Club"]
[Date "2017.04.02"]
[Round "5"]
[White "TennKid84"]
[Black "yijiqishi"]
[Result "0-1"]
[ICCResult "White forfeits on time"]
[WhiteElo "1741"]
[BlackElo "1951"]
[Opening "Queen's pawn game"]
[ECO "D04"]
[NIC "QP.08"]
[Time "19:53:08"]
[TimeControl "180+0"]

1. d4 d5 2. Nf3 Nf6 3. e3 c5 4. c3 Bf5 5. Bd3 Ne4 6. Qc2 c4 7. Bxe4 Bxe4 8.
Qe2 e6 9. Nbd2 Bd3 10. Qd1 Nc6 11. b3 b5 12. a4 a6 13. bxc4 bxc4 14. Ba3
Bxa3 15. Rxa3 Qd6 16. Qc1 O-O 17. Ra1 Rab8 18. Ng1 f5 19. Ne2 Bxe2 20. Kxe2
f4 21. e4 dxe4 22. Nxe4 Qd5 23. f3 e5 24. Rd1 exd4 25. cxd4 Nxd4+ 26. Kf2
Qe5 27. Qc3 Rfd8 28. Qxc4+ Kh8 29. Rac1 Rb2+ 30. Kf1 h6 31. Qc7 Qe8 32. Qc3
Rb3 33. Qc4 Qe5 34. Rxd4 Rxf3+ 35. gxf3 Rxd4 36. Qc8+ Kh7 37. Qc3 Rxe4 38.
fxe4 Qh5 39. Qc2 Qf3+ 40. Ke1 Qe3+ 41. Kd1 Qg1+ 42. Kd2 Qxh2+ 43. Kc3 Qg3+
44. Kb2 f3 45. e5+ Kg8 46. Qc8+ Kh7 47. Qf5+ Qg6 48. Qxg6+ Kxg6 49. Rf1 Kf5
50. Rxf3+ Kxe5 51. Rf8 g5 {White forfeits on time} 0-1

[Event "ICCopen2017"]
[Site "Internet Chess Club"]
[Date "2017.04.02"]
[Round "5"]
[White "NEO2017"]
[Black "arshavin2015"]
[Result "0-1"]
[ICCResult "White forfeits on time"]
[WhiteElo "1743"]
[BlackElo "1976"]
[Opening "Modern defense"]
[ECO "A40"]
[NIC "QO.17"]
[Time "19:52:19"]
[TimeControl "180+0"]

1. d4 g6 2. Bf4 Bg7 3. e3 c5 4. c3 Qb6 5. Qc1 Nf6 6. Nf3 d6 7. h3 O-O 8.
Nbd2 a6 9. Nc4 Qa7 10. a4 Nbd7 11. Be2 b6 12. O-O Bb7 13. Qd1 Rac8 14. Ncd2
Rfe8 15. Bh2 Qa8 16. Ne1 e5 17. Bf3 e4 18. Be2 cxd4 19. cxd4 d5 20. Nc2 Bf8
21. b4 Be7 22. b5 a5 23. Nb3 Nf8 24. Qd2 Red8 25. Rfc1 Bd6 26. Bxd6 Rxd6 27.
Qe1 Rd7 28. f4 exf3 29. Bxf3 Re7 30. Qd2 Qb8 31. Ne1 Rec7 32. Nd3 N8d7 33.
Rxc7 Rxc7 34. Rc1 Qc8 35. Rxc7 Qxc7 36. Nf4 Ne4 37. Bxe4 dxe4 38. Qc1 Qxc1+
39. Nxc1 Kf8 40. Kf2 Ke7 41. Ke2 Nf6 42. Kd2 Nd5 43. Nxd5+ Bxd5 44. Kc3 f5
45. g3 g5 46. Ne2 Kd6 47. h4 h6 48. hxg5 hxg5 49. Ng1 Ke6 50. Nh3 Kf6 51.
Nf2 Kg6 52. Kb2 Kh5 53. Kc3 Kg6 54. Kb2 Bc4 55. Kc3 Bd5 56. Kb2 Kf6 57. Kc3
Ke6 58. Kb2 Bb7 59. Kc3 Bd5 60. Nh3 Kf6 61. Nf2 Be6 62. Kb2 Ke7 63. Kc3 Kd6
64. Nd1 Ba2 65. Nf2 Be6 66. Nd1 Kd5 67. Nf2 Kd6 68. Nd1 Ke7 69. Nf2 Bd5 70.
Nh3 Kf6 71. Nf2 Be6 72. Nd1 Kg6 73. Nf2 Kh5 74. Kd2 Bc4 75. Kc3 Bd5 76. Kd2
Bc4 {White forfeits on time} 0-1

[Event "ICCopen2017"]
[Site "Internet Chess Club"]
[Date "2017.04.02"]
[Round "5"]
[White "vangani"]
[Black "AreYouSerious"]
[Result "0-1"]
[ICCResult "White checkmated"]
[WhiteElo "1399"]
[BlackElo "1814"]
[Opening "Queen's pawn game"]
[ECO "D02"]
[NIC "QP.08"]
[Time "19:53:28"]
[TimeControl "180+0"]

1. d4 d5 2. Nf3 c6 3. Bf4 Nf6 4. h3 g6 5. e3 Bg7 6. Nbd2 O-O 7. c4 Nbd7 8.
Be2 Nb6 9. c5 Nbd7 10. b4 Re8 11. O-O Nf8 12. b5 Ne6 13. Bh2 cxb5 14. Bxb5
Bd7 15. Qa4 Bxb5 16. Qxb5 Qc8 17. Rab1 Nd8 18. Ne5 e6 19. Nef3 a6 20. Qb6
Nd7 21. Qb3 Nc6 22. Bd6 Bf8 23. Bh2 Bg7 24. Qd3 e5 25. dxe5 Ncxe5 26. Qxd5
Qxc5 27. Qxc5 Nxc5 28. Nxe5 Bxe5 29. Bxe5 Rxe5 30. Nf3 Rd5 31. Rfc1 b5 32.
Nd4 Rad8 33. Nc6 R8d6 34. Ne7+ Kf8 35. Nxd5 Rxd5 36. Rd1 Rxd1+ 37. Rxd1 Ke7
38. Rd2 Ne4 39. Rc2 Kd6 40. f3 Nc5 41. Kf2 Nd3+ 42. Ke2 Nb4 43. Rb2 Kc5 44.
a3 Nc6 45. Kd2 Ne5 46. f4 Nc4+ 47. Kc3 Nxb2 48. Kxb2 Kc4 49. e4 Kd4 50. e5
Ke4 51. g3 Kf3 52. Kb3 Kxg3 53. Kb4 Kxf4 54. Ka5 Kxe5 55. Kxa6 f5 56. Kxb5
f4 57. a4 f3 58. a5 f2 59. a6 f1=Q+ 60. Kb6 Qxh3 61. Kb7 Qa3 62. a7 Qxa7+
63. Kxa7 g5 64. Kb8 g4 65. Kc7 h6 66. Kd8 h5 67. Ke7 h4 68. Kd7 h3 69. Kc6
g3 70. Kc5 g2 71. Kc6 h2 72. Kb5 h1=Q 73. Kc5 g1=Q+ 74. Kc4 Qg4+ 75. Kc5
Qhh5 76. Kc6 Ke4 77. Kb7 Kf3 78. Kc7 Qgg6 79. Kd8 Qhh7 80. Kc8 Qgg8#
{White checkmated}
0-1

[Event "ICCopen2017"]
[Site "Internet Chess Club"]
[Date "2017.04.02"]
[Round "5"]
[White "chavo"]
[Black "refid"]
[Result "1-0"]
[ICCResult "Black checkmated"]
[WhiteElo "2322"]
[BlackElo "1845"]
[Opening "Ruy Lopez: Berlin defense"]
[ECO "C65"]
[NIC "RL.07"]
[Time "19:52:23"]
[TimeControl "180+0"]

1. e4 e5 2. Nf3 Nc6 3. Bb5 Nf6 4. d3 Bc5 5. c3 d6 6. Nbd2 O-O 7. Nf1 Ne7 8.
Nh4 Ng6 9. Bg5 h6 10. Nxg6 fxg6 11. Be3 Bxe3 12. Nxe3 Be6 13. O-O Kh7 14. f4
exf4 15. Rxf4 Qe7 16. d4 Nh5 17. Rxf8 Rxf8 18. Qd2 Bd7 19. Bd3 Nf4 20. Bc2
Bc6 21. e5 dxe5 22. d5 Bd7 23. Rf1 Nh5 24. Re1 Nf4 25. Nc4 Qg5 26. Kh1 Re8
27. g3 Nh3 28. Qxg5 Nxg5 29. Rxe5 Nf3 30. Rxe8 Bxe8 31. Be4 Ng5 32. Bd3 Kg8
33. Ne5 Kf8 34. Nxg6+ Kf7 35. Ne5+ Ke7 36. c4 Kd6 37. Ng4 Kc5 38. b3 Kd4 39.
Bf5 b5 40. cxb5 Bxb5 41. Kg2 Kxd5 42. h4 Nf7 43. Kf3 Ne5+ 44. Nxe5 Kxe5 45.
Be4 Bd7 46. Ke3 a5 47. Bf3 a4 48. bxa4 Bxa4 49. a3 c5 50. Be4 Bb3 51. Bd3
Kd5 52. Kd2 c4 53. Bc2 Ba2 54. Kc3 Kc5 55. Bf5 g5 56. Be6 Bb3 57. hxg5 hxg5
58. Bf7 Ba2 59. a4 Bb3 60. Be8 Kb6 61. Kb4 Bd1 62. Bf7 c3 63. a5+ Ka6 64.
Bc4+ Ka7 65. Kxc3 Kb7 66. Kd4 Bg4 67. Ke5 Bd7 68. Be6 Be8 69. Bc4 g4 70. Kf4
Bd7 71. Be2 Bc8 72. Bxg4 Kc7 73. Bxc8 Kxc8 74. Ke5 Kc7 75. g4 Kd7 76. g5 Ke7
77. a6 Kf8 78. a7 Kg7 79. a8=Q Kg6 80. Qe4+ Kh5 81. Qf5 Kh4 82. Qf6 Kg3 83.
g6 Kh3 84. g7 Kh2 85. g8=Q Kh3 86. Qfh8# {Black checkmated} 1-0

[Event "ICCopen2017"]
[Site "Internet Chess Club"]
[Date "2017.04.02"]
[Round "5"]
[White "KnightWalker"]
[Black "anan"]
[Result "0-1"]
[ICCResult "White forfeits on time"]
[WhiteElo "1322"]
[BlackElo "1578"]
[Opening "Sicilian"]
[ECO "B50"]
[NIC "SI.01"]
[Time "19:53:00"]
[TimeControl "180+0"]

1. e4 c5 2. Nf3 d6 3. h3 a6 4. Bd3 Nc6 5. c3 Nf6 6. Bc2 b5 7. O-O Bb7 8. Re1
e6 9. d4 cxd4 10. cxd4 Nb4 11. Bb3 Nxe4 12. a3 Nc6 13. Rxe4 Na5 14. Re3 Nxb3
15. Qxb3 Bd5 16. Qd1 Be7 17. Nc3 Bb7 18. d5 e5 19. b4 Rc8 20. Bb2 O-O 21.
Rc1 f5 22. Re2 Qb6 23. Rec2 Bf6 24. Ne2 Rce8 25. Qd2 g6 26. Qe3 Qd8 27. Rc7
Rf7 28. Qb6 Bxd5 29. Qb7 Bxb7 30. Rxf7 Kxf7 31. Rc2 Bxf3 32. gxf3 Qb6 33.
Bc1 Re7 34. Be3 Qb7 35. Nc1 Qxf3 36. Nd3 f4 37. Bb6 Qd1+ 38. Ne1 Qxe1+ 39.
Kg2 Qe4+ 40. Kg1 Qxc2 41. Kg2 Qc6+ 42. Kf1 Qxb6 43. Ke2 d5
{White forfeits on time}
0-1

[Event "ICCopen2017"]
[Site "Internet Chess Club"]
[Date "2017.04.02"]
[Round "5"]
[White "ROWLAND"]
[Black "blackjack721"]
[Result "1-0"]
[ICCResult "Black forfeits on time"]
[WhiteElo "1509"]
[BlackElo "1316"]
[Opening "King's knight opening"]
[ECO "C40"]
[NIC "KP.10"]
[Time "19:52:56"]
[TimeControl "180+0"]

1. e4 e5 2. Nf3 c6 3. d4 d6 4. Nc3 Bg4 5. dxe5 Bxf3 6. Qxf3 dxe5 7. Bc4 Nf6
8. O-O Nbd7 9. Bg5 Be7 10. Rad1 Qc7 11. Rd2 O-O-O 12. Rfd1 h6 13. Bxf6 Nxf6
14. Qe3 c5 15. Bxf7 Kb8 16. Nb5 Qb6 17. a4 a6 18. Rxd8+ Rxd8 19. Rxd8+ Qxd8
20. Nc3 Qd4 21. Kf1 Ng4 22. Qxd4 cxd4 23. h3 Nf6 24. Nd5 Nxe4 25. Nxe7 Nd2+
26. Ke2 Ne4 27. f3 Nc5 28. Ng6 Nxa4 29. Nxe5 Nxb2 30. Nd7+ Kc7 31. Nf8 b5
32. Ne6+ Kd6 33. Nxg7 b4 34. Nf5+ Ke5 35. Nxh6 a5 36. Ng4+ Kf5 37. Nf2 a4
38. Nd3 a3 39. Nxb4 Kf6 40. Bb3 Ke5 41. Nd3+ Kd6 42. h4 Kc6 43. h5 Kb5 44.
h6 Nc4 45. h7 Na5 46. Ba2 Ka4 47. h8=Q Nc6 48. Qf6 {Black forfeits on time}
1-0